 Dungeon Crawl Stone Soup version 0.31-a0-925-g0a390f2509 (console) character file.

Game seed: 1593219281398889053

4870 jejorda2 the Cleaver (level 10, 0/82 HPs)
             Began as a Gnoll Berserker on Oct 18, 2023.
             Was a Priest of Trog.
             Slain by an acid dragon (10 damage)
             ... on level 9 of the Dungeon.
             The game lasted 00:15:18 (8252 turns).

jejorda2 the Cleaver (Gnoll Berserker)              Turns: 8252, Time: 00:15:19

Health: 0/82       AC: 13    Str: 20    XL:     10   Next: 50%
Magic:  18/18      EV: 13    Int:  7    God:    Trog [***...]
Gold:   278        SH:  0    Dex: 12    Spells: 19/19 levels left

rFire   . . .        b - +0 quarterstaff (speed)
rCold   . . .        (shield currently unavailable)
rNeg    . . .        B - +4 ring mail {rPois}
rPois   +            g - +0 helmet
rElec   .            (no cloak)
rCorr   .            (no gloves)
SInv    .            c - +0 pair of boots
Will    .....        l - amulet of the acrobat
Stlth   ++           (no ring)
HPRegen 0.33/turn    (no ring)
MPRegen 0.16/turn

%: acrobat
@: on berserk cooldown, slowed, very slow
A: fangs 1, strong nose, distributed training
a: Renounce Religion, Berserk, Trog's Hand


You were on level 9 of the Dungeon.
You worshipped Trog.
Trog was most pleased with you.
You visited 1 branch of the dungeon, and saw 9 of its levels.

You collected 582 gold pieces.
You spent 304 gold pieces at shops.

Inventory:

Hand Weapons
 a - a +1 war axe
 b - a +0 quarterstaff of speed (weapon)
 d - a +0 morningstar
Missiles
 m - 2 throwing nets
 p - 34 poisoned darts (quivered)
 s - 5 darts of dispersal
 t - 4 javelins
 x - 6 boomerangs
 z - a curare-tipped dart
Armour
 c - a +0 pair of boots (worn)
 g - a +0 helmet (worn)
 B - a +4 ring mail of poison resistance (worn)
Jewellery
 l - an amulet of the acrobat (around neck)
Wands
 f - a wand of polymorph (2)
 h - a wand of iceblast (24)
 A - a wand of mindburst (15)
Scrolls
 i - a scroll of summoning
 j - a scroll of teleportation
 r - a scroll of identify
 y - a scroll of noise {unknown}
Potions
 k - a potion of curing
 n - 2 potions of mutation
 o - 3 potions of invisibility
 q - 2 potions of enlightenment
 v - 6 potions of lignification
 w - a potion of heal wounds
 C - a potion of attraction


   Skills:
 + Level 8.6 Fighting
 + Level 5.4 Short Blades
 + Level 5.4 Long Blades
 + Level 8.6 Axes
 + Level 5.4 Maces & Flails
 + Level 5.4 Polearms
 + Level 5.4 Staves
 + Level 5.4 Ranged Weapons
 + Level 5.4 Throwing
 + Level 7.2 Armour
 + Level 7.2 Dodging
 + Level 5.4 Stealth
 + Level 5.4 Shields
 + Level 5.4 Unarmed Combat
 + Level 5.4 Spellcasting
 + Level 4.5 Conjurations
 + Level 4.5 Hexes
 + Level 4.5 Summonings
 + Level 4.5 Necromancy
 + Level 4.5 Translocations
 + Level 4.5 Transmutations
 + Level 4.5 Fire Magic
 + Level 4.5 Ice Magic
 + Level 4.5 Air Magic
 + Level 4.5 Earth Magic
 + Level 4.5 Poison Magic
 + Level 6.0 Invocations
 + Level 5.4 Evocations
 + Level 4.9 Shapeshifting


You had 19 spell levels left.
You didn't know any spells.
Your spell library was empty.

Dungeon Overview and Level Annotations

Branches:
Dungeon (9/15)             Temple (0/1) D:6
   Lair: D:8-11         Orc: D:9-12

Altars:
Ashenzari
Elyvilon
Gozag
Okawaru
Yredelemnul
Zin
The Shining One

Shops:
D:1 [

Annotations:
D:8 Erica


Innate Abilities, Weirdness & Mutations

You have very sharp teeth.
Your uncanny sense of smell can sniff out nearby items.
Your experience applies equally to all skills.


Message History

Erica burns you.
You hit Erica.
Erica is severely wounded.
Erica hits you but does no damage.
You closely miss Erica.
Erica is severely wounded.
You hit Erica.
Erica is severely wounded.
Erica hits you with a +4 scimitar of flaming.
* * * LOW HITPOINT WARNING * * *
Erica burns you.
* * * LOW HITPOINT WARNING * * *
You closely miss Erica.
Erica is severely wounded.
Erica gestures at you while chanting. The lance of force misses you.
You hit Erica.
Erica is severely wounded.
A red film seems to cover your vision as you go berserk!
You feel yourself moving faster!
You feel mighty! Erica barely misses you.
You sock Erica!
Erica is almost dead.
Erica gestures at you while chanting. The lance of force hits you!!
* * * LOW HITPOINT WARNING * * *
You are knocked back by the lance of force.
You feel a strong urge to attack something.
You can't go down here!
There is a stone staircase leading down here.
You feel your anger nearly subside.
You are no longer berserk.
You are exhausted.
You feel yourself slow down.
You climb downwards.
Found 2 stones.
Found a stone staircase leading down.
There is a stone staircase leading up here.
The helpless acid dragon fails to defend itself.
You hit the acid dragon.
The acid dragon is lightly wounded.
The acid dragon bites you!
You die...

# ...
.#.. ....
##..
###...
####....#
D......D#
.......@#
........#
.>.....(#
........#
........#
∆
........#
#####.###
#.


You could see 2 acid dragons.

Vanquished Creatures
  Pikel (D:4)
  Joseph (D:8)
  Maggie (D:6)
  Prince Ribbit (D:8)
  Sigmund (D:5)
  Eustachio (D:6)
  A steam dragon (D:8)
  Edmund (D:5)
  2 water moccasins (D:7)
  Duvessa (D:6)
  An orc warrior (D:6)
  3 sky beasts
  2 ogres
  3 centaurs
  2 phantoms
  2 lemures (D:4)
  2 kobold brigands
  Blork the orc (D:6)
  A gnoll sergeant (D:7)
  2 bullfrogs
  A scorpion (D:5)
  7 wights (D:6)
  Dowan (D:6)
  4 killer bees
  A howler monkey (D:6)
  2 jellies
  2 hounds (D:7)
  An orc priest (D:3)
  7 orc wizards
  2 sleepcaps (D:6)
  3 iguanas
  Robin (D:3)
  8 gnolls
  6 adders
  2 white imps (D:6)
  2 ufetubi (D:5)
  6 worms
  A dart slug (D:1)
  21 orcs
  5 endoplasms
  3 giant cockroaches
  16 goblins
  7 hobgoblins
  10 kobolds
  4 quokkas
  6 ball pythons
  3 bats (D:1)
  A frilled lizard (D:2)
  2 rats
165 creatures vanquished.

Notes
Turn   | Place    | Note
-------+----------+-------------------------------------------
     0 | D:1      | jejorda2 the Gnoll Berserker began the quest for the Orb.
     0 | D:1      | Reached XP level 1. HP: 23/23 MP: 1/1
   228 | D:1      | Reached XP level 2. HP: 29/29 MP: 2/2
   625 | D:1      | Found Fitral's Antique Armour Emporium.
  1026 | D:2      | Reached XP level 3. HP: 35/35 MP: 3/3
  1172 | D:2      | Reached skill level 1 in Invocations
  1725 | D:3      | Reached ** piety under Trog
  1726 | D:3      | Reached skill level 1 in Short Blades
  1726 | D:3      | Reached skill level 1 in Long Blades
  1726 | D:3      | Reached skill level 1 in Maces & Flails
  1726 | D:3      | Reached skill level 1 in Polearms
  1726 | D:3      | Reached skill level 1 in Staves
  1726 | D:3      | Reached skill level 1 in Ranged Weapons
  1726 | D:3      | Reached skill level 1 in Throwing
  1726 | D:3      | Reached skill level 1 in Stealth
  1726 | D:3      | Reached skill level 1 in Shields
  1726 | D:3      | Reached skill level 1 in Unarmed Combat
  1726 | D:3      | Reached skill level 1 in Spellcasting
  1726 | D:3      | Reached skill level 1 in Evocations
  1746 | D:3      | Reached skill level 1 in Shapeshifting
  1746 | D:3      | Reached XP level 4. HP: 41/41 MP: 5/5
  1747 | D:3      | Reached skill level 1 in Conjurations
  1747 | D:3      | Reached skill level 1 in Hexes
  1747 | D:3      | Reached skill level 1 in Summonings
  1747 | D:3      | Reached skill level 1 in Necromancy
  1747 | D:3      | Reached skill level 1 in Translocations
  1747 | D:3      | Reached skill level 1 in Transmutations
  1747 | D:3      | Reached skill level 1 in Fire Magic
  1747 | D:3      | Reached skill level 1 in Ice Magic
  1747 | D:3      | Reached skill level 1 in Air Magic
  1747 | D:3      | Reached skill level 1 in Earth Magic
  1747 | D:3      | Reached skill level 1 in Poison Magic
  1750 | D:3      | Reached XP level 5. HP: 39/47 MP: 5/7
  2081 | D:3      | Found a white marble altar of Elyvilon.
  2224 | D:3      | Noticed Robin
  2254 | D:3      | Killed Robin
  2544 | D:4      | Found a basalt altar of Yredelemnul.
  2546 | D:4      | Noticed a profane servitor
  2551 | D:4      | Found a glowing golden altar of the Shining One.
  2553 | D:4      | Noticed an angel
  2604 | D:4      | Reached XP level 6. HP: 49/53 MP: 8/8
  2718 | D:4      | Noticed Pikel
  2727 | D:4      | Killed Pikel
  2728 | D:4      | Reached skill level 5 in Armour
  2728 | D:4      | Reached skill level 5 in Dodging
  2728 | D:4      | Reached XP level 7. HP: 50/60 MP: 8/10
  3441 | D:5      | Entered Level 5 of the Dungeon
  3655 | D:5      | Found an iron altar of Okawaru.
  3819 | D:5      | Noticed Sigmund
  3828 | D:5      | Killed Sigmund
  3829 | D:5      | Reached XP level 8. HP: 67/67 MP: 12/12
  4082 | D:1      | Bought a masterwork chain mail for 304 gold pieces
  4082 | D:1      | Identified the +0 chain mail "Toim" {Rampage} (You bought
                  | it in a shop on level 1 of the Dungeon)
  4414 | D:5      | Noticed Edmund
  4423 | D:5      | Killed Edmund
  4523 | D:5      | Found a broken altar of Ashenzari.
  4527 | D:5      | Found a glowing silver altar of Zin.
  4563 | D:5      | Found an opulent altar of Gozag.
  4814 | D:6      | Noticed Maggie
  4835 | D:6      | Killed Maggie
  4836 | D:6      | Reached XP level 9. HP: 16/73 MP: 14/14
  5205 | D:6      | Noticed Duvessa
  5206 | D:6      | Noticed Dowan
  5212 | D:6      | Killed Duvessa
  5214 | D:6      | Killed Dowan
  5333 | D:6      | Noticed Blork the orc
  5347 | D:6      | Killed Blork the orc
  5463 | D:6      | Noticed Eustachio
  5478 | D:6      | Killed Eustachio
  5872 | D:6      | Reached skill level 5 in Invocations
  6130 | D:6      | Reached *** piety under Trog
  6139 | D:6      | Found a staircase to the Ecumenical Temple.
  6785 | D:7      | Identified the +0 ring mail of the Goldsmith {rPois rN+
                  | Will+}
  6992 | D:7      | Reached XP level 10. HP: 80/80 MP: 17/17
  7028 | D:7      | Reached skill level 5 in Short Blades
  7028 | D:7      | Reached skill level 5 in Long Blades
  7028 | D:7      | Reached skill level 5 in Maces & Flails
  7028 | D:7      | Reached skill level 5 in Polearms
  7028 | D:7      | Reached skill level 5 in Staves
  7028 | D:7      | Reached skill level 5 in Ranged Weapons
  7028 | D:7      | Reached skill level 5 in Throwing
  7028 | D:7      | Reached skill level 5 in Stealth
  7028 | D:7      | Reached skill level 5 in Shields
  7028 | D:7      | Reached skill level 5 in Unarmed Combat
  7028 | D:7      | Reached skill level 5 in Spellcasting
  7028 | D:7      | Reached skill level 5 in Evocations
  7834 | D:8      | Noticed Joseph
  7850 | D:8      | Killed Joseph
  8017 | D:8      | Noticed Prince Ribbit
  8075 | D:8      | Killed Prince Ribbit
  8225 | D:8      | Noticed Erica
  8251 | D:9      | Identified the of Zoablar
  8252 | D:9      | Slain by an acid dragon

Illustrated notes

Levels and vault maps discovered:
D:1:      erik_arrival_cave_to_civilisation [erik_arrival_cave_to_hall],
          layout_basic, serial_forest, infiniplex_forest_lined_corner,
          infiniplex_forest_end_2, infiniplex_forest_lined_corner,
          infiniplex_forest_clump_large, infiniplex_forest_straight_2,
          infiniplex_forest_clump_tiny, infiniplex_forest_lined_3_way,
          serial_shops, nicolae_shop_hallway_stairs, hangedman_feature_mirror
D:2:      layout_loops_ring
D:3:      cheibrodos_pilgrimage, layout_rooms, nicolae_elyvilon_peaceful_grove,
          minivault_11, uniq_robin
D:4:      layout_basic, grunt_temple_overflow_holy_war, minmay_mini_jars,
          uniq_pikel
D:5:      layout_basic, grunt_temple_overflow_diamond, grunt_gozag_statues,
          uniq_edmund, uniq_sigmund
D:6:      layout_basic, minmay_temple_entry_nine_rooms, uniq_blork_the_orc,
          uniq_maggie, uniq_duvessa, uniq_eustachio
D:7:      layout_loops_ring, hangedman_decor_growths, minmay_misc_feat_iff
D:8:      layout_rooms, fedhas_altar_1, gammafunk_ghost_necromancy,
          lightli_orcish_oven, uniq_erica, uniq_prince_ribbit1, uniq_joseph
D:9:      layout_rooms, lair_entry_dummy, uniq_harold

Skill      XL: |  1  2  3  4  5  6  7  8  9 10 |
---------------+-------------------------------+-----
Invocations    | 1 2 3 4 5 6 |  6.0
Short Blades   | 1 2 3 4 5 |  5.4
Long Blades    | 1 2 3 4 5 |  5.4
Maces & Flails | 1 2 3 4 5 |  5.4
Polearms       | 1 2 3 4 5 |  5.4
Staves         | 1 2 3 4 5 |  5.4
Ranged Weapons | 1 2 3 4 5 |  5.4
Throwing       | 1 2 3 4 5 |  5.4
Stealth        | 1 2 3 4 5 |  5.4
Shields        | 1 2 3 4 5 |  5.4
Unarmed Combat | 1 2 3 4 5 |  5.4
Spellcasting   | 1 2 3 4 5 |  5.4
Evocations     | 1 2 3 4 5 |  5.4
Shapeshifting  | 1 2 3 4 |  4.9
Conjurations   | 1 2 3 4 |  4.5
Hexes          | 1 2 3 4 |  4.5
Summonings     | 1 2 3 4 |  4.5
Necromancy     | 1 2 3 4 |  4.5
Translocations | 1 2 3 4 |  4.5
Transmutations | 1 2 3 4 |  4.5
Fire Magic     | 1 2 3 4 |  4.5
Ice Magic      | 1 2 3 4 |  4.5
Air Magic      | 1 2 3 4 |  4.5
Earth Magic    | 1 2 3 4 |  4.5
Poison Magic   | 1 2 3 4 |  4.5
Fighting       | 7 8 |  8.6
Axes           | 7 8 |  8.6
Armour         | 5 6 7 |  7.2
Dodging        | 5 6 7 |  7.2

Action                     |  1- 3 |  4- 6 |  7- 9 | 10-12 || total
---------------------------+-------+-------+-------+-------++-------
  Melee: Hand axe          |    19 |       |       |       ||    19
         Bite              |     7 |     3 |    31 |    11 ||    52
         War axe           |    58 |    58 |   274 |   115 ||   505
         Punch             |       |       |     6 |     1 ||     7
         Quarterstaff      |       |       |       |    68 ||    68
  Throw: Dart              |       |       |     6 |       ||     6
 Invoke: Berserk           |     1 |     1 |     5 |     5 ||    12
         Trog's Hand       |     1 |       |     3 |     3 ||     7
    Use: Scroll            |       |       |    17 |     3 ||    20
         Potion            |       |       |       |     3 ||     3
   Stab: Sleeping          |     2 |     1 |       |     1 ||     4
 Armour: Animal skin       |    28 |    29 |       |       ||    57
         Ring mail         |       |    28 |    20 |    47 ||    95
         Chain mail        |       |       |   205 |    69 ||   274
  Dodge: Dodged            |    49 |    31 |   147 |   136 ||   363

Table legend: (Time is in decaauts)
 A = Elapsed time spent in this place.
 B = Non-inter-level travel time spent in this place.
 C = Inter-level travel time spent in this place.
 D = Time resting spent in this place.
 E = Time spent auto-exploring this place.
 F = Levels seen in this place.
 G = Mean time per level.
                   A        B        C        D        E       F      G
               +--------+--------+--------+--------+--------+-----+--------+
         Total |   8401 |   7707 |    694 |    464 |   5851 |   9 |  933.4 |
       Dungeon |   8401 |   7707 |    694 |    464 |   5851 |   9 |  933.4 |
               +--------+--------+--------+--------+--------+-----+--------+

Top non-repeatable levels by time:
     D:6: 1800 daAuts
     D:7: 1420 daAuts
     D:4: 1237 daAuts
     D:1: 978 daAuts
     D:5: 949 daAuts
     D:3: 941 daAuts
     D:2: 751 daAuts
     D:8: 321 daAuts
     D:9: 1 daAuts
